 Dungeon Crawl Stone Soup version 0.21.1-1-g345015f (webtiles) character file.

357 letownia2 the Conjurer (level 6, 36/36 HPs)
             Began as a Tengu Air Elementalist on Mar 3, 2018.
             Quit the game in the Ecumenical Temple.
             The game lasted 00:09:56 (1546 turns).

letownia2 the Conjurer (Tengu Air Elementalist)     Turns: 1546, Time: 00:09:56

Health: 36/36      AC:  4    Str:  9    XL:     6   Next: 64%
Magic:  10/10      EV: 13    Int: 17    God:
Gold:   41         SH:  0    Dex: 14    Spells: 6/10 levels left

rFire    . . .     SeeInvis .   h - +1 falchion (slice)
rCold    . . .     Gourm    .   (no shield)
rNeg     . . .     Faith    .   m - +1 leather armour
rPois    +         Spirit   .   (helmet restricted)
rElec    .         Reflect  .   (no cloak)
rCorr    .         Harm     .   (no gloves)
MR       .....                  (boots unavailable)
Stlth    ++........             (no amulet)
HPRegen  0.12/turn              j - ring of poison resistance
MPRegen  0.12/turn              (no ring)

@: vulnerable
A: beak, talons 3, able to fly 1
a: Fly


You were in the Ecumenical Temple.
You were hungry.

You visited 2 branches of the dungeon, and saw 6 of its levels.
You also visited: Ossuary.

You collected 41 gold pieces.

Inventory:

Hand Weapons
 f - a +0 short sword
 h - a +1 falchion of slicing (weapon)
 w - a +0 lajatang
Armour
 a - a +0 robe
 l - a +0 ring mail
 m - a +1 leather armour (worn)
Jewellery
 j - a ring of poison resistance (left hand)
Wands
 y - a wand of paralysis (14)
Scrolls
 e - a scroll of remove curse
 g - 3 scrolls of identify
 k - a scroll of fear
Potions
 d - a potion of magic {unknown}
 i - 3 potions of curing {unknown}
 r - 2 potions of agility {unknown}
 s - a potion of cancellation
 u - a potion of degeneration {unknown}
 v - a potion of heal wounds {unknown}
 x - 2 potions of flight {unknown}
Books
 b - a book of Air

   Spells                             Type                      Level
   a - Shock                          Conjuration/Air              1
   b - Swiftness                      Charms/Air                   2
   c - Static Discharge               Conjuration/Air              3
   d - Airstrike                      Air                          4
   e - Lightning Bolt                 Conjuration/Air              5
Comestibles
 c - 4 rations


   Skills:
 + Level 2.5 Fighting
 - Level 2.4 Armour
 - Level 3.5 Dodging
 - Level 2.0 Stealth
 + Level 2.6 Spellcasting
 + Level 5.6 Conjurations
 - Level 4.0 Air Magic


You had 6 spell levels left.
You knew the following spells:

 Your Spells              Type           Power        Failure   Level  Hunger
a - Shock                 Conj/Air       ###.         3%          1    #......
d - Static Discharge      Conj/Air       ###.....     10%         3    ###....


Dungeon Overview and Level Annotations

Branches:
Dungeon (5/15)             Temple (1/1) D:5

Altars:
Ashenzari
Dithmenos
Elyvilon
Fedhas
Okawaru
Qazlal
Ru
Trog
Xom
Yredelemnul
Zin

Annotations:
D:4 Grinder


Innate Abilities, Weirdness & Mutations

You have a beak for a mouth.
You have claws for feet.
You can fly.


Message History

Are you sure you want to cancel this blink?
Okay, then.
As you read the scroll labeled ROG NEHECASUCE, it crumbles to dust.
It was a scroll of blinking.
As you read the scroll labeled GAXUPA GEAQ, it crumbles to dust.
You feel strangely unstable.
It was a scroll of teleportation.
As you read the scroll labeled MOTEXY HUEWA, it crumbles to dust.
It is a scroll of enchant armour.
Your +0 leather armour glows green for a moment.
As you read the scroll labeled CAQEETYUJO, it crumbles to dust.
It is a scroll of amnesia.
Okay, then.
Your surroundings suddenly seem different.
Unknown command.
Press < or > to pray at altars.
As you read the scroll labeled FUCUOP ANIDGH, it crumbles to dust.
Magic quickly surges around you.
It was a scroll of vulnerability.
As you read the scroll labeled LIETOE ZUATHRU, it crumbles to dust.
The scroll dissolves into smoke.
It was a scroll of fog.
Are you sure you want to abandon this character and quit the game? (Confirm with "yes".)

........_....≈≈§§§≈≈≈≈≈§
.............§≈§§≈≈≈§≈≈≈
...............§≈§§≈≈≈≈≈§≈
................≈§≈≈§≈≈≈≈≈
.._........._..§.≈≈≈§≈§≈≈≈≈
..................≈≈≈≈§≈≈≈§≈
..............§....≈§§≈≈≈≈≈≈
...............§§§..≈§≈≈≈≈≈≈
..⌠............§@§...§§§≈≈≈≈
..............§§§§§...≈≈≈≈≈§
.................§..§..≈§§§
........................≈§≈
........._..........⌠...§§§
.§.......................≈≈§
§.§.....................§§≈§
§≈§§≈≈§≈≈≈≈≈≈§§§≈≈≈§≈≈§≈§§≈§
§≈≈§§≈§≈§≈≈§≈§§§≈§≈§≈≈≈≈≈≈≈§


There were no monsters in sight!

Vanquished Creatures
  Menkaure (Ossuary)
  An orc wizard (D:3)
  The ghost of inc the Chiller, a weakling FeIE (D:4)
  A hound (D:4)
  A bullfrog skeleton (D:4)
  2 iguanas (D:4)
  2 worker ants (D:3)
  2 mummies (Ossuary)
  An adder (D:3)
  An adder skeleton (D:4)
  2 worms
  A leopard gecko (D:4)
  2 orcs (D:3)
  A giant cockroach (D:3)
  4 gnoll zombies (Ossuary)
  2 goblins
  A hobgoblin (D:2)
  3 jackals (D:4)
  2 quokkas
  3 ball pythons
  A frilled lizard (D:2)
  6 gnoll skeletons (Ossuary)
  2 goblin skeletons (Ossuary)
  2 goblin zombies (Ossuary)
  3 hobgoblin skeletons (Ossuary)
  4 kobolds
  A kobold skeleton (Ossuary)
  A kobold zombie (Ossuary)
  An orc skeleton (Ossuary)
  An orc zombie (Ossuary)
  A rat (D:2)
  A rat skeleton (Ossuary)
  3 rat zombies (Ossuary)
61 creatures vanquished.

Vanquished Creatures (others)
  A mummy (Ossuary)
  A gnoll zombie (Ossuary)
  2 goblin skeletons (Ossuary)
  3 goblin zombies (Ossuary)
  2 hobgoblin skeletons (Ossuary)
  3 hobgoblin zombies (Ossuary)
  4 kobold skeletons (Ossuary)
  3 kobold zombies (Ossuary)
  2 orc skeletons (Ossuary)
  2 orc zombies (Ossuary)
  A rat skeleton (Ossuary)
  2 rat zombies (Ossuary)
26 creatures vanquished.

Grand Total: 87 creatures vanquished

Notes
Turn   | Place    | Note
-------+----------+-------------------------------------------
     0 | D:1      | letownia2 the Tengu Air Elementalist began the quest for the Orb.
     0 | D:1      | Reached XP level 1. HP: 10/10 MP: 4/4
    88 | D:2      | Reached skill level 2 in Conjurations
   124 | D:2      | Reached XP level 2. HP: 15/15 MP: 0/6
   175 | D:2      | Reached skill level 3 in Conjurations
   255 | D:3      | Reached skill level 4 in Conjurations
   255 | D:3      | Reached XP level 3. HP: 18/19 MP: 1/7
   261 | D:3      | Learned a level 3 spell: Static Discharge
   317 | D:3      | Found a blossoming altar of Fedhas.
   321 | D:4      | Noticed Grinder
   358 | D:4      | Found a sand-covered staircase.
   364 | D:4      | Noticed inc's ghost (weakling FeIE)
   383 | Ossuary  | Entered an ossuary
   575 | Ossuary  | Reached skill level 5 in Conjurations
   575 | Ossuary  | Reached XP level 4. HP: 23/24 MP: 4/8
   880 | Ossuary  | Noticed Menkaure
   897 | Ossuary  | Killed Menkaure
   897 | Ossuary  | Reached skill level 1 in Fighting
   897 | Ossuary  | Reached skill level 1 in Armour
   897 | Ossuary  | Gained mutation: You can fly. [Tengu growth]
   897 | Ossuary  | Reached XP level 5. HP: 29/29 MP: 4/9
   973 | D:3      | Found a basalt altar of Yredelemnul.
  1188 | D:4      | Killed inc's ghost
  1188 | D:4      | Reached XP level 6. HP: 35/35 MP: 6/10
  1442 | D:5      | Entered Level 5 of the Dungeon
  1460 | D:5      | Found a staircase to the Ecumenical Temple.
  1469 | Temple   | Entered the Ecumenical Temple
  1546 | Temple   | Quit the game

Skill      XL: |  1  2  3  4  5 |
---------------+----------------+-----
Conjurations   | 2 4 5 |  5.6
Fighting       | 1 2 |  2.5
Armour         | 1 2 |  2.4
Dodging        | 3 |  3.5
Stealth        | |  2.0
Spellcasting   | |  2.6
Air Magic      | |  4.0

Action                   |  1- 3 |  4- 6 || total
-------------------------+-------+-------++-------
Melee: Falchion          |    13 |    27 ||    40
       Kick              |     3 |     6 ||     9
       Peck              |     3 |     5 ||     8
 Cast: Shock             |    23 |    53 ||    76
       Static Discharge  |       |     3 ||     3
  Use: Scroll            |       |     9 ||     9
 Stab: Sleeping          |     1 |       ||     1
  Eat: Chunk             |       |     3 ||     3
Armor: Robe              |     2 |       ||     2
       Leather armour    |     2 |     5 ||     7
Dodge: Dodged            |     9 |    29 ||    38
       Rpst.: Falchion   |     2 |    13 ||    15
